Description

Build Optimisation DT Timing at 5 Min. w/ 3 bases 2 Stalkers 1 sentry 1 obs 1 warp prism and 3 DTs. Snipe Obs with stalker and go up the main to snipe robo.

If you are unable to shut down enemy detection; start charge, add gates and transition to zealots immortals archons.

VOD

https://lotv.spawningtool.com/79563/

Replay - Near Perfect DT Timing 5 Min

Build Order

Get SALT Encoding   

  12  0:00  Probe  
  13  0:12  Probe  
  14  0:20  Pylon  
  14  0:25  Probe  
  15  0:38  Probe  
  16  0:44  Gateway  
  16  0:50  Probe  
  16  0:51  Assimilator  
  17  1:02  Probe (Chrono Boost)  
  18  1:15  Probe (Chrono Boost)  
  19  1:22  Probe (Chrono Boost)  
  20  1:27  Nexus  
  20  1:29  Probe  
  21  1:41  Cybernetics Core  
  21  2:03  Pylon  
  21  2:05  Assimilator  
  21  2:10  Probe  
  22  2:19  Stalker (Chrono Boost)  
  22  2:20  Warp Gate  
  22  2:22  Probe  
  25  2:34  Probe  
  26  2:44  Probe x2 (Chrono Boost)  
  28  2:56  Probe x3 (Chrono Boost)  
  30  3:01  Twilight Council, Robotics Facility  
  30  3:02  Probe (Chrono Boost)  
  32  3:10  Stalker  
  32  3:11  Probe x2  
  36  3:22  Assimilator  
  36  3:23  Probe x2  
  36  3:26  Pylon  
  38  3:35  Probe x2  
  38  3:41  Dark Shrine  
  40  3:45  Gateway x2  
  40  3:48  Probe x2  
  42  4:00  Probe x2, Warp Prism (Chrono Boost)  
  46  4:12  Probe x2  
  46  4:13  Sentry  
  50  4:23  Gateway  
  50  4:24  Probe x2  
  50  4:29  Observer, Pylon  
  53  4:36  Probe  
  54  4:41  Nexus  
  54  4:46  Pylon  
  54  4:48  Probe  
  55  5:00  Probe  
  55  5:03  Assimilator  
  55  5:06  Dark Templar x3  
Spawning Tool Build Advisor. Get it on Overwolf

Go to:

Details

  • Created by: MostSinister
  • Published on: Jun 25, 2023
  • Modified on: Jun 25, 2023
  • Patch: 5.0.11
  • Difficulty: Easy
Show
View Real Time Build Order
Export as new Build Order

Comments (0)

There are no comments. Be the first!

Create an account to comment!